 Dungeon Crawl Stone Soup version 0.27-a0-1217-g8a41f320e8 (webtiles) character file.

Game seed: 13719434650916102540

147 Froggeryz the Chopper (level 5, 0/40 HPs)
             Began as a Palentonga Gladiator on June 6, 2021.
             Was an Initiate of Okawaru.
             Slain by an iguana (7 damage)
             ... on level 4 of the Dungeon.
             The game lasted 00:04:25 (3278 turns).

Froggeryz the Chopper (Palentonga Gladiator)        Turns: 3278, Time: 00:04:26

Health: 0/40       AC:  5    Str: 19    XL:     5   Next: 8%
Magic:  5/5        EV: 10    Int:  8    God:    Okawaru [......]
Gold:   121        SH:  0    Dex: 11    Spells: 4/4 levels left

rFire    . . .     SeeInvis +   a - +1 war axe
rCold    . . .     Faith    .   (no shield)
rNeg     . . .     Spirit   .   b - +0 leather armour
rPois    .         Reflect  .   c - +0 helmet
rElec    .         Harm     .   (no cloak)
rCorr    +         Rampage  .   (no gloves)
Will     .....                  (no barding)
Stlth    +.........             (no amulet)
HPRegen  0.13/turn              i - ring of resist corrosion
MPRegen  0.09/turn              (no ring)

@: no status effects
A: large, rugged brown scales 3, see invisible, deformed body, roll 1, armoured
tail
a: Rolling Charge, Renounce Religion


You were on level 4 of the Dungeon.
You worshipped Okawaru.
Okawaru was noncommittal.
You visited 1 branch of the dungeon, and saw 4 of its levels.
You also visited: Sewer.

You collected 121 gold pieces.

Inventory:

Hand Weapons
 a - a +1 war axe (weapon)
Missiles
 d - 3 throwing nets (quivered)
 p - 2 atropa-tipped darts
Armour
 b - a +0 leather armour (worn)
 c - a +0 helmet (worn)
Jewellery
 i - a ring of resist corrosion (left hand)
Scrolls
 j - 2 scrolls of identify
 k - a scroll of holy word
 o - a scroll of silence {unknown}
 t - 4 scrolls of teleportation {unknown}
 u - a scroll of fog {unknown}
 y - a scroll of acquirement {unknown}
Potions
 e - a potion of cancellation {unknown}
 f - 2 potions of brilliance {unknown}
 g - 4 potions of flight {unknown}
 h - a potion of magic {unknown}
 l - 3 potions of curing {unknown}
 m - a potion of haste {unknown}
 n - 2 potions of lignification {unknown}
 q - 3 potions of ambrosia {unknown}
 r - a potion of invisibility {unknown}
 s - 2 potions of attraction {unknown}
 v - 2 potions of mutation {unknown}
 w - a potion of resistance {unknown}
 x - a potion of might


   Skills:
 - Level 2.0 Fighting
 * Level 5.1 Axes
 - Level 1.3 Throwing
 + Level 2.0 Armour
 - Level 2.4 Dodging


You had 4 spell levels left.
You didn't know any spells.
Your spell library was empty.

Dungeon Overview and Level Annotations

Branches:
Dungeon (4/15)              Sewer (visited)
 Temple: D:4-7

Altars:
Okawaru

Shops:
D:3 !


Innate Abilities, Weirdness & Mutations

You are completely covered in rugged brown scales. (AC +3, +7% HP)
You have supernaturally acute eyesight. (SInv)
Armour fits poorly on your strangely shaped body.
You can roll at nearby foes to attack.
You have a long armoured tail.


Message History

No target in view!
An iguana comes into view.
The iguana hisses angrily.
The iguana moves out of view.
Found 7 gold pieces.
An iguana is nearby!
An iguana is nearby!
You slash the iguana! You tail-slap the iguana.
The iguana is heavily wounded.
The iguana bites you.
You hit the iguana but do no damage.
The iguana is heavily wounded.
The iguana barely misses you. The iguana closely misses you.
You barely miss the iguana. You tail-slap the iguana.
The iguana is severely wounded.
The iguana bites you.
You barely miss the iguana.
The iguana is severely wounded.
The iguana closely misses you.
You hit the iguana but do no damage.
Your tail-slap misses the iguana.
The iguana is severely wounded.
The iguana barely misses you.
You hit the iguana but do no damage.
The iguana is severely wounded.
The iguana bites you! The iguana bites you.
You are too injured to fight recklessly!
You are too injured to fight recklessly!
You are too injured to fight recklessly!
You closely miss the iguana.
The iguana is severely wounded.
The iguana bites you!
* * * LOW HITPOINT WARNING * * *
You closely miss the iguana.
The iguana is severely wounded.
The iguana bites you.
* * * LOW HITPOINT WARNING * * *
You barely miss the iguana.
The iguana is heavily wounded.
The iguana bites you!
You die...

... ... . ### ..# .
#.## .$#.# ##.###
..#.# ##..## ....#
##..## ##l.# ##..##
###@.#
##..#####...##
##.....##..###
#.......<...##
#............##
#.............#
#................
#................
##.................


You could see an iguana.

Vanquished Creatures
  2 river rats (D:3)
  3 adders
  2 adder skeletons (D:4)
  A worm (D:2)
  2 dart slugs
  An orc (D:3)
  9 endoplasms
  4 giant cockroaches
  6 hobgoblins
  4 jackals (Sewer)
  2 quokkas
  10 ball pythons
  11 bats
  4 frilled lizards
  10 goblins
  6 kobolds
  10 rats
87 creatures vanquished.

Notes
Turn   | Place    | Note
-------+----------+-------------------------------------------
     0 | D:1      | Froggeryz the Palentonga Gladiator began the quest for the
                  | Orb.
     0 | D:1      | Reached XP level 1. HP: 17/17 MP: 1/1
   376 | D:1      | Reached XP level 2. HP: 23/23 MP: 2/2
   655 | D:1      | Reached skill level 1 in Armour
   773 | D:1      | Found a faded altar of an unknown god.
   963 | D:2      | Reached XP level 3. HP: 28/28 MP: 3/3
  1153 | D:2      | Reached skill level 4 in Axes
  1512 | D:2      | You fall into a shaft and drop 1 floor!
  1571 | D:3      | Reached XP level 4. HP: 18/35 MP: 4/4
  1681 | D:3      | Found Jyorenin's Distillery.
  1880 | D:3      | Found an iron altar of Okawaru.
  1890 | D:3      | Became a worshipper of Warmaster Okawaru
  2040 | D:3      | Found a glowing drain.
  2051 | Sewer    | Entered a sewer
  2749 | D:2      | Reached skill level 5 in Axes
  3113 | D:4      | Reached XP level 5. HP: 26/40 MP: 5/5
  3278 | D:4      | Slain by an iguana

Illustrated notes

Levels and vault maps discovered:
D:1:      lemuel_arrival_behind_the_door_large, layout_rooms,
          hellmonk_ecumenical_altar_heavens_door, minmay_3d_cube
D:2:      layout_loops_corners
D:3:      layout_rooms, kennysheep_okawaru_gauntlet, serial_shops,
          nicolae_shop_stone, portal_sewer_entry_b, minmay_crystal_water
D:4:      cheibrodos_barr_body, layout_cave_pods,
          minmay_temple_entry_mini_moons, serial_forest,
          infiniplex_forest_clump_curved, infiniplex_forest_clump_long,
          infiniplex_forest_straight_2, infiniplex_forest_side_room,
          infiniplex_forest_corner_1, infiniplex_forest_end_2,
          ebering_ghost_rock_garden, minmay_misc_feat_x

Skill      XL: |  1  2  3  4 |
---------------+-------------+-----
Armour         | 1 2 |  2.0
Axes           | 4 5 |  5.1
Fighting       | |  2.0
Throwing       | |  1.3
Dodging        | |  2.4

Action                   |  1- 3 |  4- 6 || total
-------------------------+-------+-------++-------
Melee: War axe           |    82 |   100 ||   182
       Tailslap          |     9 |    13 ||    22
 Abil: Rolling Charge    |     3 |     1 ||     4
  Use: Scroll            |     5 |       ||     5
 Stab: Sleeping          |     1 |       ||     1
Armor: Leather armour    |    33 |    55 ||    88
Dodge: Dodged            |    33 |    68 ||   101

Table legend: (Time is in decaauts)
 A = Elapsed time spent in this place.
 B = Non-inter-level travel time spent in this place.
 C = Inter-level travel time spent in this place.
 D = Time resting spent in this place.
 E = Time spent auto-exploring this place.
 F = Levels seen in this place.
 G = Mean time per level.
                   A        B        C        D        E       F      G
               +--------+--------+--------+--------+--------+-----+--------+
         Total |   3421 |   3329 |     92 |    369 |   2109 |   5 |  684.2 |
       Dungeon |   2904 |   2812 |     92 |    261 |   1919 |   4 |  726.0 |
         Sewer |    516 |    516 |      0 |    108 |    189 |   1 |  516.0 |
               +--------+--------+--------+--------+--------+-----+--------+

Top non-repeatable levels by time:
     D:2: 995 daAuts
     D:1: 943 daAuts
     D:3: 693 daAuts
   Sewer: 516 daAuts
     D:4: 272 daAuts
